 Dungeon Crawl Stone Soup version 0.28-a0-194-g42b4daccc1 (webtiles) character file.

Game seed: 4391464601136897230

220317 freelancePsychic the Peltast (level 18, -2/172 (178) HPs)
             Began as a Minotaur Berserker on Aug 18, 2021.
             Was a High Priest of Trog.
             Slain by a fenstrider witch (16 damage)
             ... while paralysed by a fenstrider witch
             ... on level 1 of the Swamp.
             The game lasted 00:55:16 (29768 turns).

freelancePsychic the Peltast (Minotaur Berserker)  Turns: 29768, Time: 00:55:17

HP:   -2/172 (178)  AC: 33    Str: 22    XL:     18   Next: 47%
MP:   8/8           EV:  2    Int:  4    God:    Trog [*****.]
Gold: 4233          SH:  0    Dex: 16    Spells: 17/17 levels left

rFire   + . .      SeeInvis .   X - +9 demon trident (antimagic)
rCold   . . .      Faith    .   F - +8 tower shield {AC+3}
rNeg    . . .      Spirit   .   Q - +10 plate armour of Ynit {Contam rF+ Regen+ MP+9}
rPois   +          Reflect  .   (helmet restricted)
rElec   .          Harm     .   B - +2 cloak
rCorr   .          Rampage  .   x - +2 pair of gloves
Will    +....                   h - +0 pair of boots
Stlth   ..........              D - amulet of regeneration
HPRegen 2.38/turn               M - +4 ring of evasion
MPRegen 0.11/turn               G - ring of poison resistance

@: paralysed, lethally poisoned (-2 -> -3), lightly drained
A: horns 2, retaliatory headbutt, deformed body, low mp 1, weak 1
}: 1/15 runes: serpentine
a: Renounce Religion, Berserk, Trog's Hand, Brothers in Arms


You were on level 1 of the Swamp.
You worshipped Trog.
Trog was extremely pleased with you.
You visited 6 branches of the dungeon, and saw 31 of its levels.
You visited the Abyss 1 time.
You also visited: Bailey.

You collected 4611 gold pieces.
You spent 378 gold pieces at shops.

Inventory:

Hand Weapons
 X - a +9 antimagic demon trident (weapon)
Missiles
 c - 16 boomerangs (quivered)
 l - 2 javelins
 s - 13 silver javelins
 N - a throwing net
Armour
 h - a +0 pair of boots (worn)
 x - a +2 pair of gloves (worn)
 B - a +2 cloak (worn)
 F - a +8 tower shield of protection (worn)
 Q - the +10 plate armour of Ynit (worn) {Contam rF+ Regen+ MP+9}
   (You found it on level 13 of the Dungeon)

   rF:        It protects you from fire.
   MP:        It affects your magic capacity (+9).
   Contam:    It causes magical contamination when unequipped.
   Regen:     It increases your rate of health regeneration.
Jewellery
 e - the ring of Ysajed {Fly MP+9 Int+4}
   (You took it off a deep elf death mage on level 3 of the Elven Halls)

   [ring of flight]

   Int:       It affects your intelligence (+4).
   MP:        It affects your magic capacity (+9).
   Fly:       It grants you flight.
 p - a +6 ring of strength
 D - an amulet of regeneration (around neck)
 G - a ring of poison resistance (right hand)
 M - a +4 ring of evasion (left hand)
 V - a ring of willpower
 Y - a ring of protection from fire
Wands
 a - a wand of iceblast (18)
 f - a wand of paralysis (36)
 t - a wand of digging (12)
 C - a wand of flame (130)
 K - a wand of acid (47)
 R - a wand of mindburst (12)
 S - a wand of charming (7)
Scrolls
 b - 8 scrolls of fog
 d - 8 scrolls of teleportation {@r4}
 g - 2 scrolls of magic mapping
 j - a scroll of summoning
 v - 6 scrolls of holy word
 w - 3 scrolls of blinking
 z - 4 scrolls of immolation
 A - 4 scrolls of fear
 I - 6 scrolls of identify {@r1}
 L - a scroll of brand weapon
 O - 2 scrolls of enchant weapon
 W - a scroll of silence
Potions
 i - 4 potions of magic
 k - 4 potions of heal wounds {@q2}
 m - 9 potions of flight
 n - 16 potions of curing {@q1}
 o - 4 potions of ambrosia
 q - 9 potions of lignification
 u - 2 potions of invisibility
 E - 2 potions of attraction
 J - 4 potions of cancellation
 T - a potion of haste {@q3}
 U - a potion of resistance
 Z - 5 potions of might
Miscellaneous
 r - a condenser vane
 y - a phial of floods
 H - a lightning rod (4/4)
 P - a box of beasts


   Skills:
 - Level 20.0 Fighting
 - Level 14.8 Polearms
 - Level 6.0 Throwing
 + Level 13.7 Armour
 + Level 10.0 Dodging
 - Level 20.5 Shields
 + Level 10.4 Evocations


You had 17 spell levels left.
You didn't know any spells.
Your spell library was empty.

Dungeon Overview and Level Annotations

Branches:
Dungeon (15/15)            Temple (0/1) D:7            Lair (6/6) D:9
  Swamp (1/4) Lair:2        Snake (4/4) Lair:4        Slime (0/5) Lair:6
    Orc (2/2) D:9             Elf (3/3) Orc:2        Vaults (0/5) D:13
 Depths (0/5) D:15         Bailey (visited)

Altars:
Ashenzari
Elyvilon
Fedhas
Gozag
Hepliaklqana
Kikubaaqudgha
Nemelex Xobeh
Ru
Sif Muna
Beogh
Lugonu

Shops:
D:4 :*   D:9 *   D:15 :   Orc:1 ?   Orc:2 [[[(

Portals:
Abyss: Lair:6

Annotations:
D:4 3 runed translucent doors, Phlounder's ghost, novice DjCj


Innate Abilities, Weirdness & Mutations

You have a pair of horns on your head.
You reflexively headbutt those who attack you in melee.
Armour fits poorly on your strangely shaped body.
Your magical capacity is low. (-10% MP)
You are weak. (Str -2)


Message History

You are engulfed in spectral mist.
* * * LOW HITPOINT WARNING * * *
You feel very sick.
The spectral fenstrider witch hits you but does no damage.
The spectral fenstrider witch kicks you but does no damage.
The fenstrider witch is engulfed in spectral mist.
The fenstrider witch hits you.
* * * LOW HITPOINT WARNING * * *
The fenstrider witch kicks you!
* * * LOW HITPOINT WARNING * * *
The spectral death drake bites you but does no damage.
The spectral fenstrider witch hits you but does no damage.
The spectral fenstrider witch kicks you but does no damage.
The spectral spriggan berserker hits you but does no damage.
The ghost crab breathes spectral mist at you.
The spectral mist engulfs the spectral fenstrider witch but does no damage.
The spectral four-headed hydra bites you but does no damage. x4
The spectral fenstrider witch hits you but does no damage.
The spectral fenstrider witch kicks you but does no damage.
The spectral death drake bites you.
* * * LOW HITPOINT WARNING * * *
The fenstrider witch is engulfed in spectral mist.
The fenstrider witch hits you but does no damage.
The fenstrider witch kicks you but does no damage.
You are engulfed in spectral mist.
* * * LOW HITPOINT WARNING * * *
You feel very sick.
The spectral fenstrider witch hits you but does no damage.
The spectral fenstrider witch kicks you.
* * * LOW HITPOINT WARNING * * *
You feel drained.
* * * LOW HITPOINT WARNING * * *
The four-headed hydra is engulfed in spectral mist.
The spectral fenstrider witch hits you but does no damage.
The spectral fenstrider witch kicks you but does no damage.
The spectral spriggan berserker hits you but does no damage.
The fenstrider witch is engulfed in spectral mist.
The fenstrider witch hits you but does no damage.
The fenstrider witch kicks you!
You die...

♣♣♣♣
♣♣...♣♣♣♣♣♣♣♣
♣.≈≈≈.......♣♣
♣.≈≈≈≈≈≈≈....♣
♣.§☼§Z≈≈.≈≈.♣
♣≈○tZ@Z.....♣
♣♣.§ZHZ..♣♣♣♣
♣≈.≈≈≈D≈°...♣
♣♣.≈≈≈≈≈...§♣
.≈.≈≈§≈≈≈..♣♣
....≈≈≈≈≈≈.♣♣
....≈§≈≈≈≈.♣
...≈≈≈≈≈≈.♣♣


You could see a four-headed hydra, a fenstrider witch, a ghost crab, a spectral
four-headed hydra (summoned), a spectral death drake (summoned), a spectral
spriggan berserker (summoned) and 2 spectral fenstrider witches.

Vanquished Creatures
  Rupert (D:13)
  A deep elf blademaster (Elf:3)
  2 deep elf master archers (Elf:3)
  Agnes (D:15)
  10 nagarajas (Snake:4)
  An orc warlord (Elf:2)
  3 deep elf sorcerers
  A deep elf elementalist (Elf:3)
  4 deep elf demonologists (Elf:3)
  3 deep elf annihilators (Elf:3)
  Nessos (Lair:4)
  An ettin (Orc:2)
  5 deep elf death magi (Elf:3)
  A green death (Abyss:1)
  2 deep elf high priests (Elf:3)
  A boulder beetle (D:14)
  A salamander tyrant (Snake:4)
  Harold (D:9)
  11 naga warriors
  2 catoblepae
  6 hydras
  3 vault guards (D:13)
  7 centaur warriors
  7 anacondas
  2 two-headed ogres
  14 dancing weapons
  A death yak (Lair:5)
  3 orc high priests (Orc:2)
  5 shock serpents
  A deep troll earth mage (D:14)
  8 naga sharpshooters
  5 thrashing horrors
  13 deep elf knights
  5 skeletal warriors (D:15)
  3 naga ritualists
  3 deep elf archers
  3 large abominations
  A lindwurm (Lair:6)
  13 deep elf zephyrmancers
  17 deep elf pyromancers
  3 mana vipers
  13 orc knights
  A cyclops (D:15)
  A necromancer (D:15)
  5 ugly things
  11 salamanders
  3 orc sorcerers (Orc:2)
  2 manticores
  A manticore (shapeshifter) (Elf:3)
  15 elephants
  A frost giant skeleton (Abyss:1)
  Joseph (D:7)
  3 smoke demons
  5 centaur zombies
  Maurice (D:11)
  31 black mambas
  8 guardian serpents
  A torpor snail (Lair:3)
  A water nymph (shapeshifter) (D:15)
  12 cane toads
  16 naga magi
  An eye of devastation (shapeshifter) (Lair:6)
  4 unseen horrors
  A hellion (Abyss:1)
  Psyche (D:9)
  A freezing wraith (D:15)
  An efreet (D:14)
  2 rime drakes
  A redback zombie (D:15)
  12 komodo dragons
  An ice devil (Abyss:1)
  3 ancient zymes
  5 trolls
  A hornet (D:8)
  6 meliai
  4 polar bears
  Grinder (D:4)
  A raiju (Abyss:1)
  A tyrant leech (Swamp:1)
  13 slime creatures
  A dream sheep (Lair:2)
  38 blink frogs
  A meliai zombie (D:15)
  A flying skull (Abyss:1)
  2 spriggans
  An air elemental (Elf:2)
  A water elemental (Elf:1)
  10 wyverns
  3 ynoxinuls (Lair:6)
  35 yaks
  7 basilisks
  3 fire elementals
  A hog (shapeshifter) (D:15)
  5 wraiths
  8 humans (D:13)
  Grum (D:9)
  2 chaos spawn (Lair:6)
  A neqoxec (Abyss:1)
  Menkaure (D:4)
  9 vampire mosquitoes
  30 nagas
  2 acid dragons (D:12)
  3 wargs
  13 small abominations
  Edmund (D:4)
  2 hell hounds (Snake:3)
  A swamp worm (Swamp:1)
  14 water moccasins
  An ice beast (D:8)
  35 orc warriors
  3 black bears
  3 sky beasts
  5 starcursed masses (Abyss:1)
  4 ogres
  23 wolves
  17 centaurs
  4 kobold brigands
  15 bullfrogs
  A wyvern zombie (D:8)
  An earth elemental (Elf:2)
  3 scorpions
  A water moccasin skeleton (D:4)
  16 killer bees
  21 wights
  2 electric eels
  A bullfrog zombie (D:5)
  A quasit (Abyss:1)
  5 hounds
  2 iron imps (Abyss:1)
  13 jellies
  4 bullfrog skeletons
  19 orc priests
  2 gnoll shamans (D:5)
  3 iguanas
  26 orc wizards
  A howler monkey zombie (D:9)
  Robin (D:3)
  8 adders
  18 gnolls
  2 howler monkey skeletons (D:6)
  3 shadow imps (D:6)
  A white imp (D:6)
  2 ufetubi
  An adder skeleton (D:5)
  2 worms (D:2)
  4 dart slugs
  94 orcs
  5 ball pythons
  6 endoplasms
  6 giant cockroaches
  11 hobgoblins
  8 jackals
  3 quokkas
  6 bats
  2 frilled lizards (D:3)
  13 goblins
  21 kobolds
  3 rats
  A starspawn tentacle (Abyss:1)
1018 creatures vanquished.

Vanquished Creatures (collateral kills)
  A bone dragon (Abyss:1)
  2 deep elf blademasters
  2 tentacled starspawn (Abyss:1)
  A storm dragon (shapeshifter) (D:9)
  2 deep elf sorcerers (Elf:3)
  Aizul (Snake:1)
  Azrael (Snake:3)
  A naga warrior (Snake:3)
  A boulder beetle (D:9)
  5 dancing weapons (Elf:2)
  A thrashing horror (Abyss:1)
  5 deep elf knights
  The ghost of mdk the Destroyer, a novice DECj of Vehumet (D:9)
  A deep elf archer (Elf:3)
  A deep elf pyromancer (Elf:2)
  2 deep elf zephyrmancers (Elf:2)
  A salamander (Snake:3)
  A troll (D:9)
  2 fire elementals (Snake:3)
  A neqoxec (Abyss:1)
  2 small abominations (Abyss:1)
  A naga (Snake:3)
  An acid dragon (D:9)
  A water moccasin (D:9)
  An orc warrior (Bailey)
39 creatures vanquished.

Vanquished Creatures (others)
  A deep elf annihilator (Elf:3)
  An eleionoma (Swamp:1)
  A hydra (Swamp:1)
  A hell hog (Abyss:1)
  A deep elf zephyrmancer (Elf:1)
  A deep elf pyromancer (Elf:1)
  An orc warrior (Bailey)
  A human (D:13)
  2 nagas
  18 fungi
  A lurking horror (Abyss:1)
  59 plants
  3 starspawn tentacles (Abyss:1)
91 creatures vanquished.

Grand Total: 1148 creatures vanquished

Notes
Turn   | Place    | Note
-------+----------+-------------------------------------------
     0 | D:1      | freelancePsychic the Minotaur Berserker began the quest for
                  | the Orb.
     0 | D:1      | Reached XP level 1. HP: 19/19 MP: 0/0
   236 | D:1      | Reached XP level 2. HP: 27/27 MP: 1/1
   919 | D:2      | Reached XP level 3. HP: 28/33 MP: 2/2
   987 | D:2      | Found a faded altar of an unknown god.
  1031 | D:2      | Reached skill level 5 in Polearms
  1110 | D:2      | Reached ** piety under Trog
  1221 | D:2      | Reached XP level 4. HP: 38/41 MP: 3/3
  1982 | D:3      | Noticed Robin
  1998 | D:3      | Killed Robin
  2151 | D:3      | Noticed a sky beast
  2172 | D:3      | Killed a sky beast
  2173 | D:3      | Reached skill level 5 in Fighting
  2173 | D:3      | Reached XP level 5. HP: 48/48 MP: 4/4
  2702 | D:4      | Found Vaeweag's Book Shoppe.
  2705 | D:4      | Found Wutodyhi's Specific Store.
  2709 | D:4      | Found Idellyik's General Store.
  2715 | D:4      | Bought a scroll of identify for 22 gold pieces
  2776 | D:4      | Noticed Edmund
  2781 | D:4      | Killed Edmund
  2782 | D:4      | Reached skill level 1 in Throwing
  2782 | D:4      | Reached XP level 6. HP: 56/56 MP: 5/5
  2839 | D:4      | Noticed Menkaure
  2842 | D:4      | Killed Menkaure
  2910 | D:4      | Noticed an orc warrior
  2917 | D:4      | Reached XP level 7. HP: 63/63 MP: 6/6
  3236 | D:4      | Found a runed translucent gate.
  3236 | D:4      | Found a runed translucent gate.
  3237 | D:4      | Found a runed translucent gate.
  3239 | D:4      | Noticed Phlounder's ghost (novice DjCj)
  3527 | D:4      | Reached *** piety under Trog
  3774 | D:4      | Noticed Grinder
  3781 | D:4      | Killed Grinder
  3782 | D:4      | Reached XP level 8. HP: 73/73 MP: 7/7
  4265 | D:5      | Entered Level 5 of the Dungeon
  4950 | D:5      | Reached skill level 5 in Armour
  4979 | D:5      | Found a white marble altar of Elyvilon.
  5075 | D:6      | Found a shimmering blue altar of Sif Muna.
  5297 | D:6      | Reached skill level 10 in Polearms
  5300 | D:6      | Reached XP level 9. HP: 77/82 MP: 8/8
  5473 | D:6      | Reached **** piety under Trog
  5609 | D:6      | Found a sparkling altar of Nemelex Xobeh.
  6262 | D:7      | Found a staircase to the Ecumenical Temple.
  6338 | D:7      | Reached skill level 10 in Fighting
  6647 | D:7      | Noticed Joseph
  6655 | D:7      | Killed Joseph
  6655 | D:7      | Reached ***** piety under Trog
  6656 | D:7      | Reached XP level 10. HP: 94/94 MP: 9/9
  6657 | D:7      | Found a sacrificial altar of Ru.
  6814 | D:7      | Found a blossoming altar of Fedhas.
  7166 | D:7      | Found a hazy altar of Hepliaklqana.
  7766 | D:8      | Identified the +8 long sword "Innoip" {distort, rPois rN+
                  | SInv}
  8108 | D:9      | Noticed Grum
  8148 | D:9      | Killed Grum
  8148 | D:9      | Noticed Harold
  8167 | D:9      | Noticed Psyche
  8174 | D:9      | Killed Harold
  8183 | D:9      | Killed Psyche
  8184 | D:9      | Reached skill level 10 in Armour
  8276 | D:9      | Found a runed translucent gate.
  8276 | D:9      | Found a runed translucent gate.
  8298 | D:9      | Found a runed translucent gate.
  8298 | D:9      | Found an opulent altar of Gozag.
  8298 | D:9      | Noticed mdk's ghost (novice DECj)
  8303 | D:9      | Found Cotiah's Assorted Antiques.
  8314 | D:9      | Noticed a fire crab
  8314 | D:9      | a troll changed into a fire crab
  8325 | D:9      | a fire crab changed into a floating eye
  8331 | D:9      | Noticed a torpor snail
  8331 | D:9      | a floating eye changed into a torpor snail
  8588 | D:9      | Found a staircase to the Orcish Mines.
  8620 | D:9      | Reached XP level 11. HP: 102/102 MP: 10/10
  8625 | D:9      | Noticed a boulder beetle
  8838 | D:9      | Killed a boulder beetle
  8876 | D:9      | Received a gift from Trog
  8940 | D:9      | Found a staircase to the Lair.
  9177 | D:9      | Noticed a storm dragon
  9188 | D:9      | Killed a storm dragon
  9192 | D:9      | Killed mdk's ghost
  9196 | D:9      | Identified the +0 kite shield of Good Intentions {Rampage
                  | rElec rC-}
  9207 | D:9      | Bought a scroll labelled LUIZUJERCHA for 19 gold pieces
  9207 | D:9      | Acquired 483 gold pieces
  9245 | D:10     | Entered Level 10 of the Dungeon
  9436 | D:10     | You fall into a shaft and drop 2 floors!
  9510 | D:11     | Found a flagged portal.
  9530 | Bailey   | Entered a bailey
  9774 | Bailey   | Noticed an orc knight
  9791 | Bailey   | Killed an orc knight
  9842 | Bailey   | Noticed an orc knight
  9851 | Bailey   | Killed an orc knight
 10093 | D:11     | Reached skill level 1 in Shields
 10317 | Lair:1   | Entered Level 1 of the Lair of Beasts
 10421 | Lair:1   | Noticed a five-headed hydra
 10434 | Lair:1   | Killed a five-headed hydra
 10435 | Lair:1   | Reached XP level 12. HP: 92/115 MP: 11/11
 10516 | Lair:1   | Received a gift from Trog
 10740 | Lair:1   | Reached skill level 5 in Shields
 11289 | Lair:2   | Found a staircase to the Swamp.
 11322 | Lair:2   | Noticed a four-headed hydra
 11334 | Lair:2   | Killed a four-headed hydra
 12387 | Lair:3   | Reached skill level 15 in Fighting
 12591 | Lair:3   | Noticed a four-headed hydra
 12599 | Lair:3   | Killed a four-headed hydra
 12657 | Lair:3   | Received a gift from Trog
 12708 | Lair:3   | Reached XP level 13. HP: 127/127 MP: 12/12
 12731 | Lair:3   | Reached skill level 10 in Shields
 13848 | Lair:4   | Noticed Nessos
 13857 | Lair:4   | Killed Nessos
 14036 | Lair:4   | Found a staircase to the Snake Pit.
 14502 | Lair:4   | Received a gift from Trog
 15264 | Lair:6   | Entered Level 6 of the Lair of Beasts
 15385 | Lair:6   | Reached XP level 14. HP: 138/138 MP: 4/13
 15592 | Lair:6   | Reached skill level 5 in Throwing
 15706 | Lair:6   | Cast into level 1 of the Abyss (spriggan)
 15794 | Abyss:1  | Noticed a balrug
 15808 | Abyss:1  | Found a radiant altar of Vehumet.
 15873 | Abyss:1  | Noticed a starcursed mass
 15886 | Abyss:1  | Received a gift from Trog
 15959 | Abyss:1  | Noticed a tentacled starspawn
 15981 | Abyss:1  | Noticed a tentacled starspawn
 15984 | Abyss:1  | Killed a tentacled starspawn
 15987 | Abyss:1  | Killed a tentacled starspawn
 15997 | Abyss:1  | Gained mutation: You are weak. (Str -2) [a neqoxec]
 15997 | Abyss:1  | Gained mutation: Your magical capacity is low. (-10% MP) [a
                  | neqoxec]
 16076 | Abyss:1  | Gained mutation: Armour fits poorly on your strangely
                  | shaped body. [a neqoxec]
 16080 | Abyss:1  | Lost intelligence.
 16159 | Abyss:1  | Noticed a bone dragon
 16196 | Abyss:1  | Killed a bone dragon
 16200 | Lair:6   | Escaped the Abyss
 16202 | Lair:6   | Reached skill level 5 in Dodging
 16362 | Lair:6   | Found a corrupted altar of Lugonu.
 16362 | Lair:6   | Found a one-way gate to the infinite horrors of the Abyss.
 16660 | Lair:6   | Reached skill level 15 in Shields
 16738 | Lair:6   | Found a staircase to the Slime Pits.
 17437 | Orc:1    | Entered Level 1 of the Orcish Mines
 17546 | Orc:1    | Found Niostroshra's Magic Scroll Shoppe.
 17552 | Orc:1    | Bought 3 scrolls of enchant weapon for 292 gold pieces
 17556 | Orc:1    | Bought a scroll of magic mapping for 45 gold pieces
 17795 | Orc:2    | Entered Level 2 of the Orcish Mines
 18065 | Orc:2    | Reached XP level 15. HP: 146/146 MP: 4/12
 18208 | Orc:2    | Found a staircase to the Elven Halls.
 18633 | Orc:2    | Found Tujeppext's Weapon Shop.
 18633 | Orc:2    | Found Luowny's Armour Emporium.
 18636 | Orc:2    | Found Jaro's Antique Armour Shop.
 18636 | Orc:2    | Found Zef Ukk's Antique Armour Emporium.
 18869 | D:10     | Found a broken altar of Ashenzari.
 19382 | D:11     | Noticed Maurice
 19403 | D:11     | Killed Maurice
 20101 | D:12     | Reached ****** piety under Trog
 20600 | D:13     | Received a gift from Trog
 20616 | D:13     | Found a gate to the Vaults.
 20683 | D:13     | Reached skill level 10 in Dodging
 20710 | D:13     | Identified the +10 plate armour of Ynit {Contam rF+ Regen+
                  | MP+9}
 20831 | D:13     | Noticed Rupert
 20848 | D:13     | Killed Rupert
 21665 | D:15     | Entered Level 15 of the Dungeon
 21736 | D:15     | Found Cauc Ewi's Book Shoppe.
 22094 | D:15     | Reached skill level 1 in Evocations
 22137 | D:15     | Received a gift from Trog
 22138 | D:15     | Reached XP level 16. HP: 157/157 MP: 7/13
 22154 | D:15     | Found a staircase to the Depths.
 22177 | D:15     | Noticed Agnes
 22181 | D:15     | Killed Agnes
 22184 | D:15     | Found an ancient bone altar of Kikubaaqudgha.
 22662 | Elf:1    | Entered Level 1 of the Elven Halls
 22811 | Elf:1    | You fall into a shaft and drop 1 floor!
 22827 | Elf:2    | Noticed a deep elf blademaster
 22857 | Elf:2    | Killed a deep elf blademaster
 23168 | Elf:2    | Found a runed translucent gate.
 23168 | Elf:2    | Found a runed translucent gate.
 23168 | Elf:2    | Found a runed translucent gate.
 23192 | Elf:2    | Received a gift from Trog
 23316 | Elf:2    | Reached skill level 5 in Evocations
 23360 | Elf:2    | Identified the +7 scale mail of the Morning Star {rF+
                  | Regen+ Str+5 Stlth-}
 23939 | Elf:2    | Paralysed by an air elemental for 1 turns
 23996 | Elf:2    | Received a gift from Trog
 24005 | Elf:3    | Entered Level 3 of the Elven Halls
 24602 | Elf:3    | Reached XP level 17. HP: 163/168 MP: 7/14
 24604 | Elf:3    | Noticed a deep elf blademaster
 24611 | Elf:3    | Noticed a deep elf blademaster
 24736 | Elf:3    | Noticed a deep elf master archer
 24749 | Elf:3    | Noticed a deep elf master archer
 24761 | Elf:3    | Killed a deep elf blademaster
 24762 | Elf:3    | Noticed a Tzitzimitl
 24771 | Elf:3    | Killed a deep elf master archer
 24777 | Elf:3    | Killed a deep elf master archer
 24888 | Elf:3    | Noticed a Brimstone Fiend
 24927 | Elf:3    | Identified the ring of Ysajed {Fly MP+9 Int+4}
 24943 | Elf:3    | Noticed an Ice Fiend
 25110 | Elf:3    | Noticed a Brimstone Fiend
 25136 | Elf:3    | Killed a deep elf blademaster
 25836 | Snake:1  | Entered Level 1 of the Snake Pit
 26296 | Snake:1  | Noticed Aizul
 26304 | Snake:1  | Received a gift from Trog
 26310 | Snake:1  | Killed Aizul
 27120 | Snake:2  | Found an opulent altar of Gozag.
 27865 | Snake:3  | Noticed Azrael
 27883 | Snake:3  | Killed Azrael
 28523 | Snake:4  | Entered Level 4 of the Snake Pit
 28605 | Snake:4  | Reached XP level 18. HP: 165/178 MP: 8/15
 29308 | Snake:4  | Reached skill level 10 in Evocations
 29366 | Snake:4  | Received a gift from Trog
 29504 | Snake:4  | Got a serpentine rune of Zot
 29746 | Swamp:1  | Entered Level 1 of the Swamp
 29762 | Swamp:1  | Paralysed by a fenstrider witch for 6 turns
 29768 | Swamp:1  | Slain by a fenstrider witch

Illustrated notes

Levels and vault maps discovered:
D:1:      dpeg_arrival_simpleton_c, layout_basic
D:2:      layout_basic, ebering_ecumenical_altar_petrified, minmay_pentomino_p2
D:3:      layout_basic, uniq_robin
D:4:      layout_loops_ring, gammafunk_ghost_necromancy, serial_shops,
          nicolae_shop_waterfront, minmay_misc_feat_doors, minivault_1,
          chequers_jeans, nicolae_specific_store, grunt_decor_mini_mirrors,
          hangedman_decor_diamond_cutter, uniq_menkaure, uniq_grinder,
          uniq_edmund
D:5:      layout_loops_cross, kennysheep_little_box
D:6:      hangedman_cross_stitches, layout_basic,
          nemelex_xobeh_ov_fountains_minmay, overflow_temple_1_default,
          minmay_increasing_density
D:7:      layout_layer_cave, fedhas_altar_2, nicolae_hepliaklqana_hippocampus,
          hangedman_ru_absence, minmay_temple_entry_statues_pillars,
          kennysheep_generic_room_10, uniq_joseph
D:8:      layout_basic
D:9:      layout_loops_ring, lair_entry_dummy, david_orc_5, ebering_ghost_gozag,
          uniq_harold, uniq_psyche, uniq_grum
D:10:     layout_loops_ring, evilmike_ruin_ashenzari, kennysheep_generic_room_5
D:11:     layout_roguey, enter_bailey_7, nrook_pool_corridor, uniq_maurice
D:12:     layout_cave_pods
D:13:     layout_rooms, ximxim_vaults_locker_room, uniq_rupert
D:14:     layout_rooms, chequers_decorated_corner, kennysheep_just_a_vault
D:15:     grunt_enter_depths_magical_seal, layout_irregular_city,
          nicolae_kikubaaqudgha_miasma_corner, serial_shops, shop_coins,
          uniq_agnes
Lair:1:   layout_regular_city, minivault_11, serial_bayou_shore_b,
          grunt_megastairs_1
Lair:2:   layout_loops_ring, swamp_mist, grunt_forest_large_clearing_hut
Lair:3:   nzn_winding_woodlands_medium [nzn_winding_woodlands_5x5_open_star,
          nzn_winding_woodlands_5x15_sidewinder,
          nzn_winding_woodlands_5x5_closed_star,
          nzn_winding_woodlands_5x5_perimeter,
          nzn_winding_woodlands_center_triple_pond,
          nzn_winding_woodlands_5x5_checkerboard,
          nzn_winding_woodlands_5x5_cross,
          nzn_winding_woodlands_5x15_pathside_ponds,
          nzn_winding_woodlands_5x5_default], layout_layer_cave,
          grunt_megastairs_5
Lair:4:   layout_roguey, guppyfry_snake_entry_island, grunt_megastairs_3,
          lemuel_fruit_tree, uniq_nessos
Lair:5:   layout_hall_layers, beast_lair_carwin_1, grunt_megastairs_4
Lair:6:   hellmonk_lair_end_abyssal_woods, layout_cellular_growth,
          minmay_slime_entry_jelly_boxes
Swamp:1:  nicolae_swamp_long_stream, layout_basic_swamp,
          portal_ice_cave_entry_dragon, lemuel_altar_in_water
Snake:1:  layout_honeycomb, uniq_aizul
Snake:2:  layout_concentric_octagons, basic_altar,
          nicolae_snake_snakes_in_the_grass
Snake:3:  layout_cave_town, nicolae_coiled_stairwell_up, uniq_azrael
Snake:4:  grunt_snake_rune_spirals, layout_onion_interference
Orc:1:    layout_caves, serial_shops, nicolae_square_shop
Orc:2:    grunt_orc_tribal_feast, layout_diamond_mine
Elf:1:    nicolae_elf_arrival_fired_up, layout_loops_corners, evilmike_minifort,
          fountainhead, amcnicky_altar_lugonu_corruption, uniq_frances
Elf:2:    elven_hall_of_blades_hangedman_original [nicolae_blade_bullseye],
          layout_geoelf_diagonals, special_room [special_room_orc],
          grunt_ministairs_4, hex_tiny
Elf:3:    grunt_elf_hall_asides, layout_geoelf_octagon

Skill      XL: |  1  2  3  4  5  6  7  8  9 10 11 12 13 14 15 16 17 18 |
---------------+-------------------------------------------------------+-----
Polearms       | 4 5 6 7 8 10 11 13 14 | 14.8
Fighting       | 4 5 6 7 8 10 11 13 15 16 17 19 20 | 20.0
Throwing       | 1 2 3 6 |  6.0
Armour         | 4 6 8 10 11 12 13 | 13.7
Shields        | 3 9 13 15 17 18 20 | 20.5
Dodging        | 7 10 | 10.0
Evocations     | 1 6 9 10 | 10.4

Action                   |  1- 3 |  4- 6 |  7- 9 | 10-12 | 13-15 | 16-18 || total
-------------------------+-------+-------+-------+-------+-------+-------++-------
Melee: Spear             |    92 |    95 |       |       |       |       ||   187
       Headbutt          |    13 |    10 |    59 |   143 |   369 |   262 ||   856
       Trident           |       |    11 |   327 |   342 |   236 |       ||   916
       Halberd           |       |       |    11 |    27 |       |       ||    38
       Glaive            |       |       |       |   325 |       |       ||   325
       Demon trident     |       |       |       |       |  1158 |  1414 ||  2572
Throw: Javelin           |       |       |     4 |       |       |       ||     4
       Boomerang         |       |       |       |       |       |     5 ||     5
Invok: Berserk           |     1 |     7 |    13 |    18 |    18 |    13 ||    70
       Trog's Hand       |       |       |       |     3 |    11 |    11 ||    25
       Brothers in Arms  |       |       |       |     3 |     2 |     7 ||    12
Evoke: Wand              |       |       |       |     7 |     2 |     2 ||    11
       Condenser vane    |       |       |       |       |       |     1 ||     1
  Use: Scroll            |       |     3 |       |    11 |    23 |    10 ||    47
       Potion            |       |       |       |       |    12 |     1 ||    13
 Stab: Distracted        |       |       |       |     1 |       |     1 ||     2
       Paralysed         |       |       |       |       |     2 |       ||     2
       Petrified         |       |       |       |       |     6 |       ||     6
       Invisible         |       |       |       |       |       |     3 ||     3
Armor: Animal skin       |    13 |     7 |     1 |       |       |       ||    21
       Plate armour      |       |       |   164 |   347 |   426 |   292 ||  1229
Dodge: Dodged            |    30 |    27 |    94 |   236 |   273 |   206 ||   866
Block: Tower shield      |       |       |       |   214 |  1293 |  1190 ||  2697

Table legend: (Time is in decaauts)
 A = Elapsed time spent in this place.
 B = Non-inter-level travel time spent in this place.
 C = Inter-level travel time spent in this place.
 D = Time resting spent in this place.
 E = Time spent auto-exploring this place.
 F = Levels seen in this place.
 G = Mean time per level.
                   A        B        C        D        E       F      G
               +--------+--------+--------+--------+--------+-----+--------+
         Total |  29743 |  27956 |   1787 |   3285 |  18422 |  33 |  901.3 |
       Dungeon |  13959 |  13152 |    807 |   1713 |   9146 |  15 |  930.6 |
          Lair |   6746 |   6400 |    346 |    942 |   4182 |   6 | 1124.3 |
         Swamp |     16 |     16 |      0 |      0 |      0 |   1 |   16.0 |
     Snake Pit |   3749 |   3454 |    295 |    238 |   2384 |   4 |  937.2 |
  Orcish Mines |   1334 |   1146 |    188 |      0 |    829 |   2 |  667.0 |
   Elven Halls |   2924 |   2775 |    149 |    317 |   1528 |   3 |  974.7 |
         Abyss |    522 |    522 |      0 |     74 |    160 |   1 |  522.0 |
        Bailey |    490 |    490 |      0 |      0 |    192 |   1 |  490.0 |
               +--------+--------+--------+--------+--------+-----+--------+

Top non-repeatable levels by time:
     D:4: 1617 daAuts
  Lair:6: 1540 daAuts
  Lair:3: 1517 daAuts
   Elf:3: 1439 daAuts
     D:9: 1288 daAuts
     D:7: 1266 daAuts
   Elf:2: 1211 daAuts
  Lair:2: 1160 daAuts
     D:6: 1078 daAuts
  Lair:4: 1069 daAuts
 Snake:2: 1048 daAuts
 Snake:4: 973 daAuts
 Snake:1: 971 daAuts
     D:2: 922 daAuts
  Lair:1: 921 daAuts
